 Dungeon Crawl Stone Soup version 0.24.0-1-gfbc8707 (webtiles) character file.

Game seed: 95194527812758549, levelgen mode: deterministic

254 Werew the Insei (level 6, -7/47 HPs)
             Began as a Gnoll Wanderer on Nov 1, 2019.
             Splashed by Ijyb's acid (16 damage)
             ... on level 4 of the Dungeon on Nov 5, 2019.
             The game lasted 00:21:21 (4019 turns).

Werew the Insei (Gnoll Wanderer)                    Turns: 4019, Time: 00:21:22

Health: -7/47      AC:  4    Str: 20    XL:     6   Next: 14%
Magic:  8/8        EV: 14    Int: 15    God:
Gold:   183        SH:  0    Dex: 15    Spells: 4/8 levels left

rFire    . . .     SeeInvis +   a - +1 quarterstaff
rCold    + . .     Gourm    .   (shield currently unavailable)
rNeg     . . .     Faith    .   E - +3 leather armour {rC+}
rPois    .         Spirit   .   (no helmet)
rElec    .         Reflect  .   q - +0 cloak
rCorr    .         Harm     .   C - +0 pair of gloves
MR       .....                  (no boots)
Stlth    ++........             n - amulet of the acrobat
HPRegen  0.15/turn              k - ring of attention (curse)
MPRegen  0.11/turn              w - ring of see invisible

@: mighty, corroded
A: distributed training, fangs 1, strong nose
a: no special abilities


You were on level 4 of the Dungeon.
You were not hungry.

You visited 1 branch of the dungeon, and saw 4 of its levels.

You collected 183 gold pieces.

Inventory:

Hand Weapons
 a - a +1 quarterstaff (weapon)
 g - a +0 hunting sling
 r - a +2 short sword of flaming
 A - a +0 trident
Missiles
 b - 3 throwing nets (quivered)
 d - 16 poisoned darts
 e - 11 bolts
 i - 26 arrows
 o - 98 stones
 u - 25 sling bullets
Armour
 q - a +0 cloak (worn)
 C - a +0 pair of gloves (worn)
 E - a +3 leather armour of cold resistance (worn)
Jewellery
 k - a cursed ring of attention (left hand)
 n - an amulet of the acrobat (around neck)
 w - a ring of see invisible (right hand)
Scrolls
 c - 2 scrolls of teleportation
 h - 2 scrolls of fear
 y - a scroll of magic mapping {unknown}
Potions
 m - 2 potions of heal wounds {unknown}
 s - a potion of agility {unknown}
 t - 2 potions of magic {unknown}
 D - a potion of brilliance {unknown}
Comestibles
 f - 7 rations


   Skills:
 + Level 3.1 Fighting
 + Level 1.8 Short Blades
 + Level 1.8 Long Blades
 + Level 1.8 Axes
 + Level 1.8 Maces & Flails
 + Level 3.1 Polearms
 + Level 1.8 Staves
 + Level 1.8 Slings
 + Level 1.8 Bows
 + Level 1.8 Crossbows
 + Level 1.8 Throwing
 + Level 1.8 Armour
 + Level 4.9 Dodging
 + Level 6.2 Stealth
 + Level 1.8 Shields
 + Level 6.8 Unarmed Combat
 + Level 1.8 Spellcasting
 + Level 1.4 Conjurations
 + Level 1.4 Hexes
 + Level 1.4 Charms
 + Level 1.4 Summonings
 + Level 1.4 Necromancy
 + Level 1.4 Translocations
 + Level 1.4 Transmutations
 + Level 1.4 Fire Magic
 + Level 1.4 Ice Magic
 + Level 1.4 Air Magic
 + Level 1.4 Earth Magic
 + Level 1.4 Poison Magic
 + Level 2.0 Invocations
 + Level 1.8 Evocations


You had 4 spell levels left.
You knew the following spells:

 Your Spells              Type           Power        Failure   Level  Hunger
a - Blink                 Tloc           N/A          22%         2    ###....
b - Call Imp              Summ           #.......     22%         2    ###....

Your spell library contained the following spells:

 Spells                   Type           Power        Failure   Level  Hunger
 Magic Dart               Conj           #...         14%         1    ##.....
 Slow                     Hex            #.......     22%         2    ###....
 Conjure Flame            Conj/Fire      #.......     41%         3    ####...
 Mephitic Cloud           Conj/Pois/Air  #.......     41%         3    ####...


Dungeon Overview and Level Annotations

Branches:
Dungeon (4/15)
 Temple: D:4-7

Altars:
Gozag

Annotations:
D:4 Ijyb


Innate Abilities, Weirdness & Mutations

Your experience applies equally to all skills.
You have very sharp teeth.
Your uncanny sense of smell can sniff out nearby items.


Message History

You are splashed with acid!
Ijyb hits you with a cursed -1 club.
You hit Ijyb but do no damage.
Ijyb is lightly wounded.
Ijyb hits you but does no damage.
You closely miss Ijyb.
Ijyb is lightly wounded.
Ijyb screams, "I cut your head off!" Ijyb barely misses you.
You feel very mighty all of a sudden. Ijyb misses you.
You feel better. Ijyb hits you with a cursed -1 club.
You hit Ijyb.
Ijyb is moderately wounded.
Ijyb hits you but does no damage.
You sock Ijyb!
Ijyb is almost dead.
Ijyb zaps a wand.
The bolt of acid hits you!
* * * LOW HITPOINT WARNING * * *
You are splashed with acid!
You die...

#.................#######....#
#.....#................##....#
#......................##....#
#......................'.....#
####..........##.......#....##
#..........#........#....##
#..............######+#'###
#.##.......................
#.##.....g@................
#.#.................:......
####.#>....................#..
#.<..#.........###.........#..
#....#.##.....#. +.........###
#....#.##.###.#.##.........##
#.........# #.#.#...........#
#....)#######.#.#...........#
###........... +...........#


You could see Ijyb.

Vanquished Creatures
  Jessica (D:2)
  An iguana (D:4)
  Terence (D:2)
  A worker ant (D:4)
  A gnoll (D:1)
  5 adders
  An ooze (D:3)
  An adder skeleton (D:4)
  A worm (D:2)
  A dart slug (D:1)
  6 leopard geckos
  8 orcs
  3 giant cockroaches
  3 goblins
  6 hobgoblins
  6 jackals (D:1)
  3 ball pythons
  7 bats
  9 frilled lizards
  5 kobolds
  9 rats
79 creatures vanquished.

Notes
Turn   | Place    | Note
-------+----------+-------------------------------------------
     0 | D:1      | Werew the Gnoll Wanderer began the quest for the Orb.
     0 | D:1      | Werew set off with the following items: a +0 dagger, 3
                  | throwing nets, 2 scrolls of teleportation, a +0 leather
                  | armour, a ration
     0 | D:1      | Reached XP level 1. HP: 17/17 MP: 1/1
   358 | D:1      | Reached XP level 2. HP: 21/23 MP: 2/2
   747 | D:1      | Reached XP level 3. HP: 15/28 MP: 3/3
  1377 | D:2      | Found an opulent altar of Gozag.
  1378 | D:2      | Reached skill level 1 in Invocations
  1631 | D:2      | Noticed Terence
  1633 | D:2      | Reached skill level 1 in Short Blades
  1633 | D:2      | Reached skill level 1 in Long Blades
  1633 | D:2      | Reached skill level 1 in Axes
  1633 | D:2      | Reached skill level 1 in Maces & Flails
  1633 | D:2      | Reached skill level 1 in Staves
  1633 | D:2      | Reached skill level 1 in Slings
  1633 | D:2      | Reached skill level 1 in Bows
  1633 | D:2      | Reached skill level 1 in Crossbows
  1633 | D:2      | Reached skill level 1 in Throwing
  1633 | D:2      | Reached skill level 1 in Armour
  1633 | D:2      | Reached skill level 1 in Shields
  1633 | D:2      | Reached skill level 1 in Spellcasting
  1633 | D:2      | Reached skill level 1 in Evocations
  1681 | D:2      | Killed Terence
  1681 | D:2      | Reached XP level 4. HP: 26/34 MP: 5/5
  1763 | D:2      | Learned a level 2 spell: Blink
  1787 | D:2      | Reached skill level 1 in Conjurations
  1787 | D:2      | Reached skill level 1 in Hexes
  1787 | D:2      | Reached skill level 1 in Charms
  1787 | D:2      | Reached skill level 1 in Summonings
  1787 | D:2      | Reached skill level 1 in Necromancy
  1787 | D:2      | Reached skill level 1 in Translocations
  1787 | D:2      | Reached skill level 1 in Transmutations
  1787 | D:2      | Reached skill level 1 in Fire Magic
  1787 | D:2      | Reached skill level 1 in Ice Magic
  1787 | D:2      | Reached skill level 1 in Air Magic
  1787 | D:2      | Reached skill level 1 in Earth Magic
  1787 | D:2      | Reached skill level 1 in Poison Magic
  1847 | D:2      | Noticed Jessica
  1860 | D:2      | Killed Jessica
  1860 | D:2      | Reached XP level 5. HP: 36/40 MP: 5/7
  3253 | D:4      | Learned a level 2 spell: Call Imp
  3293 | D:4      | Noticed Ijyb
  3586 | D:4      | Reached XP level 6. HP: 22/47 MP: 8/8
  4019 | D:4      | Splashed by Ijyb's acid

Levels and vault maps discovered:
D:1:      lightli_arrival_quake, layout_loops_ring, minmay_misc_feat_cross,
          minmay_misc_feat_columns, chequers_garden, corexii_leaking_fountain
D:2:      layout_loops_ring, nicolae_gozag_cash_rules_everything_around_me,
          uniq_terence, uniq_jessica
D:3:      minmay_chambers_of_twos, layout_basic, ebering_dispersal_statue_hall
D:4:      layout_basic, uniq_ijyb

Skill      XL: |  1  2  3  4  5  6 |
---------------+-------------------+-----
Stealth        | 6 |  6.2
Invocations    | 1 2 |  2.0
Short Blades   | 1 |  1.8
Long Blades    | 1 |  1.8
Axes           | 1 |  1.8
Maces & Flails | 1 |  1.8
Staves         | 1 |  1.8
Slings         | 1 |  1.8
Bows           | 1 |  1.8
Crossbows      | 1 |  1.8
Throwing       | 1 |  1.8
Armour         | 1 |  1.8
Shields        | 1 |  1.8
Spellcasting   | 1 |  1.8
Evocations     | 1 |  1.8
Conjurations   | 1 |  1.4
Hexes          | 1 |  1.4
Charms         | 1 |  1.4
Summonings     | 1 |  1.4
Necromancy     | 1 |  1.4
Translocations | 1 |  1.4
Transmutations | 1 |  1.4
Fire Magic     | 1 |  1.4
Ice Magic      | 1 |  1.4
Air Magic      | 1 |  1.4
Earth Magic    | 1 |  1.4
Poison Magic   | 1 |  1.4
Fighting       | 3 |  3.1
Polearms       | 3 |  3.1
Dodging        | |  4.9
Unarmed Combat | |  6.8

Action                   |  1- 3 |  4- 6 || total
-------------------------+-------+-------++-------
Melee: Dagger            |   130 |       ||   130
       Bite              |    15 |    18 ||    33
       Punch             |     5 |     1 ||     6
       Short sword       |     8 |   162 ||   170
       Quarterstaff      |       |    15 ||    15
 Cast: Call Imp          |       |     2 ||     2
  Use: Scroll            |     3 |     5 ||     8
       Potion            |       |     5 ||     5
 Stab: Sleeping          |     6 |     8 ||    14
       Distracted        |       |     1 ||     1
       Invisible         |       |     1 ||     1
  Eat: Chunk             |     2 |     8 ||    10
Armor: Leather armour    |    17 |    32 ||    49
       Scale mail        |     3 |    53 ||    56
Dodge: Dodged            |   109 |    92 ||   201
